 Dungeon Crawl Stone Soup version 0.22-a0-110-g5b255cf (webtiles) character file.

7486 4thArraOfDagon the Cleaver (level 10, 0/94 HPs)
             Began as a Deep Dwarf Necromancer on Jan 27, 2018.
             Was a Believer of Makhleb.
             Slain by a yak (11 damage)
             ... on level 10 of the Dungeon.
             The game lasted 00:31:54 (4713 turns).

4thArraOfDagon the Cleaver (Deep Dwarf Necromancer) Turns: 4713, Time: 00:31:54

Health: 0/94       AC:  7    Str: 11    XL:     10   Next: 94%
Magic:  7/13       EV: 12    Int: 23    God:    Makhleb [**....]
Gold:   94         SH:  2    Dex: 13    Spells: 9/13 levels left

rFire    . . .     SeeInvis .   D - +5 war axe
rCold    . . .     Gourm    .   (no shield)
rNeg     . . .     Faith    .   a - +0 robe
rPois    .         Spirit   .   E - +1 hat {Int+3}
rElec    .         Reflect  +   h - +2 cloak
rCorr    +         Harm     .   (no gloves)
MR       +....                  g - +0 pair of boots
Stlth    ++........             i - +2 amulet of reflection
HPRegen  0.00/turn              A - ring of resist corrosion
MPRegen  0.13/turn              (no ring)

@: non-regenerating
A: damage resistance, heal wounds, sense surroundings 2, no regeneration
a: Heal Wounds, Minor Destruction, Renounce Religion


You were on level 10 of the Dungeon.
You worshipped Makhleb.
Makhleb was pleased with you.
You were hungry.

You visited 2 branches of the dungeon, and saw 11 of its levels.

You collected 335 gold pieces.
You spent 241 gold pieces at shops.

Inventory:

Hand Weapons
 j - a +0 whip of electrocution
 s - a +0 war axe
 u - a cursed -2 war axe
 w - a +2 hand axe of chopping
 C - the +1 flail "Wediaj" {drain, rPois}
   (You found it on level 8 of the Dungeon)

   A truly terrible weapon, it drains the life of those it strikes.
   It protects you from poison.
 D - a +5 war axe (weapon)
Armour
 a - a +0 robe (worn)
 g - a +0 pair of boots (worn)
 h - a +2 cloak (worn)
 E - a +1 hat of intelligence (worn)
Magical Staves
 v - an uncursed staff of earth
Jewellery
 i - a +2 amulet of reflection (around neck)
 A - a ring of resist corrosion (left hand)
Wands
 x - a wand of iceblast (3)
 z - a wand of acid (2)
 G - a wand of disintegration (7)
 L - a wand of scattershot (5)
Scrolls
 e - 2 scrolls of fear
 f - 2 scrolls of fog
 l - 2 scrolls of amnesia
 m - 6 scrolls of teleportation
 n - a scroll of remove curse
 o - 2 scrolls of random uselessness
 p - 2 scrolls of enchant weapon
 r - a scroll of enchant armour
 y - a scroll of magic mapping
 B - 2 scrolls of blinking
 J - a scroll of noise
Potions
 k - a potion of curing
 q - 2 potions of brilliance
 t - 3 potions of haste
 H - a potion of mutation
 I - a potion of heal wounds
 K - a potion of agility
Books
 b - a book of Necromancy

   Spells                             Type                      Level
   a - Pain                           Necromancy                   1
   b - Animate Skeleton               Necromancy                   1
   c - Vampiric Draining              Necromancy                   3
   d - Regeneration                   Charms/Necromancy            3
   e - Animate Dead                   Necromancy                   4
Comestibles
 c - 12 rations


   Skills:
 + Level 7.4 Fighting
 * Level 12.3 Axes
 - Level 2.1 Dodging
 - Level 2.4 Stealth
 - Level 2.0 Spellcasting
 - Level 10.8 Necromancy


You had 9 spell levels left.
You knew the following spells:

 Your Spells              Type           Power        Failure   Level  Hunger
a - Pain                  Necr           ####         1%          1    #......
b - Vampiric Draining     Necr           ######....   1%          3    ###....


Dungeon Overview and Level Annotations

Branches:
Dungeon (10/15)            Temple (1/1) D:4
   Lair: D:8-11         Orc: D:9-12

Altars:
Ashenzari
Dithmenos
Elyvilon
Fedhas
Gozag
Makhleb
Okawaru
Ru
Trog
Uskayaw
Vehumet
Wu Jian
The Shining One

Shops:
D:5 (!?*!   D:10 ?

Annotations:
D:5 Dowan, Duvessa, Sigmund
D:6 Edmund, Grinder, Menkaure
D:9 exclusion: oklob plant


Innate Abilities, Weirdness & Mutations

You are resistant to damage.
You can heal yourself by infusing magical energy.
You passively map the area around you.
You do not regenerate.


Message History

Okay, then.
You feel better. The yak closely misses you.
Unknown command.
Casting: Vampiric Draining (safe; 1% risk of failure)
Confirm with . or Enter, or press ? or * to list all spells.
Aiming: Vampiric Draining (safe; 1% risk of failure)
Press: ? - help, Shift-Dir - straight line, f - yak
Aim: a yak The yak is moderately wounded.
You feel life coursing into your body. The yak gores you!
* * * LOW HITPOINT WARNING * * *
Unknown command.
Casting: Vampiric Draining (safe; 1% risk of failure)
Confirm with . or Enter, or press ? or * to list all spells.
Aiming: Vampiric Draining (safe; 1% risk of failure)
Press: ? - help, Shift-Dir - straight line, f/p - yak
Aim: a yak (moderately wounded)
The yak is severely wounded.
You feel life coursing into your body. The yak gores you!
You die...

.......########################.#
.................................
##########..######*##########....
#..# #...# #..# #...# #..# #...#
##########..# #...#
............#################)...
...........Y.{YY@................
..........###################....
..........# #.... .......Y..#
#.... ..........# #....
.........Y###################....
.................................
...........YY....................
.................................


You could see 3 yaks.

Vanquished Creatures
  Erolcha (D:9)
  A two-headed ogre (D:8)
  Pikel (D:5)
  Prince Ribbit (D:6)
  A hornet (D:9)
  A yak (D:8)
  A human (D:8)
  2 wyverns
  3 hogs (D:8)
  2 orc warriors
  7 ice beasts
  4 sky beasts
  A black bear (D:9)
  A necrophage (D:5)
  2 phantoms
  3 ogres
  2 centaurs
  A big kobold (D:5)
  Blork the orc (D:4)
  5 bullfrogs
  A wyvern zombie (D:8)
  3 scorpions
  9 killer bees (D:7)
  4 wights (D:8)
  3 howler monkeys (D:8)
  A crimson imp (D:5)
  2 jellies
  A quasit (D:9)
  4 hounds
  3 orc priests (D:9)
  2 centaur skeletons
  A bullfrog skeleton (D:7)
  5 iguanas
  Ijyb (D:4)
  9 orc wizards
  5 worker ants
  A hound skeleton (D:8)
  2 worker ant zombies
  4 gnolls (D:6)
  8 adders
  3 shadow imps
  An ooze (D:7)
  An adder skeleton (D:9)
  An adder zombie (D:5)
  A worm (D:5)
  2 leopard geckos
  11 orcs
  9 bats (D:7)
  2 giant cockroaches
  3 hobgoblins
  A jackal (D:6)
  5 kobolds
  A ball python (D:4)
  A frilled lizard (D:1)
  A jackal skeleton (D:7)
  A leopard gecko skeleton (D:4)
  A quokka zombie (D:6)
  A rat (D:1)
  A fungus (D:7)
157 creatures vanquished.

Vanquished Creatures (others)
  A slave (D:5)
  A centaur (D:5)
  2 orc wizards (D:5)
  A worm (D:5)
  6 orcs (D:5)
  A hobgoblin (D:5)
  A kobold (D:5)
  A plant (D:9)
14 creatures vanquished.

Grand Total: 171 creatures vanquished

Notes
Turn   | Place    | Note
-------+----------+-------------------------------------------
     0 | D:1      | 4thArraOfDagon the Deep Dwarf Necromancer began the quest for the Orb.
     0 | D:1      | Reached XP level 1. HP: 15/15 MP: 3/3
   116 | D:2      | Noticed a scorpion
   213 | D:2      | Reached XP level 2. HP: 22/22 MP: 1/5
   273 | D:4      | Noticed Ijyb
   279 | D:4      | Found an ornate altar of the Wu Jian Council.
   283 | D:5      | Entered Level 5 of the Dungeon
   287 | D:5      | Found Liycwuh's Distillery.
   298 | D:5      | Found Gefeext's Magic Scroll Shoppe.
   317 | D:5      | Found a hide-covered altar of Uskayaw.
   317 | D:5      | Noticed Sigmund
   339 | D:5      | Noticed a centaur
   366 | D:5      | HP: 1/22 [worker ant (6)]
   383 | D:5      | Reached skill level 5 in Necromancy
   383 | D:5      | Reached XP level 3. HP: 20/28 MP: 0/6
   477 | D:5      | Noticed a necrophage
   509 | D:5      | Learned a level 3 spell: Vampiric Draining
   549 | D:5      | magipi: go DD!
   560 | D:5      | Found Amurphon's Weapon Emporium.
   560 | D:5      | Noticed Pikel
   560 | D:5      | Noticed a slave
   560 | D:5      | Noticed a slave
   606 | D:5      | Reached XP level 4. HP: 22/36 MP: 0/7
   623 | D:5      | HP: 1/36 [centaur/arrow (9)]
   643 | D:5      | magipi: unarmed dd? weird
   659 | D:5      | Killed a centaur
   659 | D:5      | Reached XP level 5. HP: 21/42 MP: 0/8
   745 | D:5      | Noticed a slave
   755 | D:5      | Noticed a slave
   790 | D:5      | Noticed Duvessa
   790 | D:5      | Noticed Dowan
   827 | D:5      | Killed Pikel
   827 | D:5      | Reached XP level 6. HP: 13/49 MP: 1/9
   827 | D:5      | Reached XP level 7. HP: 14/55 MP: 1/10
   922 | D:5      | Found a bloodstained altar of Trog.
   929 | D:5      | Found Wighie's General Store.
   948 | D:5      | Found Anakh's Distillery.
   957 | D:5      | Bought a potion of curing for 36 gold pieces
   962 | D:5      | Found a blossoming altar of Fedhas.
   996 | D:6      | Noticed Edmund
  1024 | D:5      | Reached skill level 10 in Necromancy
  1220 | D:4      | Killed Ijyb
  1462 | D:5      | Found a sacrificial altar of Ru.
  1497 | D:6      | Noticed Menkaure
  1564 | D:5      | Bought a scroll of magic mapping for 52 gold pieces
  1564 | D:5      | Bought a scroll of random uselessness for 15 gold pieces
  1629 | D:6      | Reached XP level 8. HP: 24/61 MP: 7/11
  1633 | D:6      | Noticed Grinder
  1710 | D:6      | magipi: haha
  1802 | D:7      | Reached skill level 1 in Fighting
  1802 | D:7      | Reached skill level 1 in Axes
  1819 | D:7      | Reached skill level 2 in Axes
  1831 | D:7      | Reached skill level 3 in Axes
  1873 | D:7      | Reached skill level 4 in Axes
  1893 | D:7      | Got a crystal flail
  1894 | D:7      | Identified the +3 flail "Leent" {antimagic, rPois rN+ Str-4} (You found it on level 7 of the Dungeon)
  1935 | D:7      | Reached skill level 5 in Axes
  1981 | D:6      | Noticed Prince Ribbit
  2019 | D:6      | Killed Prince Ribbit
  2103 | D:7      | Reached skill level 6 in Axes
  2176 | D:5      | Gained mutation: You passively map the area around you. [Deep Dwarf growth]
  2176 | D:5      | Reached XP level 9. HP: 53/75 MP: 4/12
  2204 | D:4      | magipi: so the temple was on 4 all along?
  2291 | D:4      | Noticed Blork the orc
  2300 | D:4      | Killed Blork the orc
  2344 | D:4      | Found a staircase to the Ecumenical Temple.
  2349 | Temple   | Entered the Ecumenical Temple
  2362 | Temple   | Became a worshipper of Makhleb the Destroyer
  2596 | D:6      | Reached skill level 7 in Axes
  2693 | D:8      | Noticed a two-headed ogre
  2699 | D:9      | Noticed Erolcha
  2725 | D:9      | Noticed an oklob plant
  2860 | D:8      | Reached skill level 8 in Axes
  2905 | D:8      | Got a bloodstained flail
  2907 | D:8      | Identified the cursed +1 flail "Wediaj" {drain, rPois} (You found it on level 8 of the Dungeon)
  2959 | D:8      | Reached * piety under Makhleb
  2960 | D:8      | Killed a two-headed ogre
  2960 | D:8      | Reached skill level 5 in Fighting
  2960 | D:8      | Reached skill level 9 in Axes
  3175 | D:8      | Reached XP level 10. HP: 21/90 MP: 13/13
  3214 | D:8      | Reached skill level 10 in Axes
  3253 | D:8      | HP: 3/90 [ice beast (11)]
  3464 | D:7      | HP: 1/90 [orc warrior/short sword (14)]
  3666 | D:7      | Reached ** piety under Makhleb
  3841 | D:8      | Reached skill level 11 in Axes
  3927 | D:9      | Killed Erolcha
  3970 | D:9      | Noticed a two-headed ogre
  4108 | D:9      | Found a glowing golden altar of the Shining One.
  4178 | D:9      | Reached skill level 12 in Axes
  4235 | D:9      | Found a radiant altar of Vehumet.
  4293 | D:10     | Entered Level 10 of the Dungeon
  4353 | D:10     | Found Poryla Ware's Magic Scroll Boutique.
  4361 | D:10     | Bought a scroll of teleportation for 36 gold pieces
  4361 | D:10     | Bought a scroll of blinking for 90 gold pieces
  4361 | D:10     | Bought a scroll of noise for 12 gold pieces
  4706 | D:10     | HP: 2/93 [yak (16)]
  4712 | D:10     | HP: 3/94 [yak (12)]
  4713 | D:10     | Slain by a yak

Vault maps used:
D:1:      minmay_arrival_three_doors, hangedman_decor_points
D:2:      zin_treasury, minmay_shallow_snake_nest, uniq_terence
D:3:      nemelex_altar_shiori, lemuel_crystal_altar, first_ration
D:4:      cheibrodos_greedy_goblins, nicolae_overflow_crystal_walls,
          temple_statues, uniq_ijyb, uniq_blork_the_orc
D:5:      cheibrodos_thug_alley, old_standard_altar,
          nicolae_overflow_hidden_temple, nicolae_ru_path_of_blood,
          serial_shops, nicolae_shop_trees, kennysheep_mini_moat,
          shop_fountains, nicolae_shop_temple_entry_statues_fountains, shop,
          fedhas_bush_and_centaur_altar, uniq_duvessa, uniq_pikel, uniq_sigmund
D:6:      serial_bayou, serial_bayou_pond_a, serial_bayou_ford_a,
          serial_bayou_pond_d, serial_bayou_lagoon_a, uniq_prince_ribbit1,
          uniq_grinder, uniq_menkaure, uniq_edmund
D:7:      old_forge
D:8:      wad_cavern_with_rooms, grunt_livestock, uniq_joseph
D:9:      kennysheep_mini, nicolae_tso_swordbearing_angel, disabler_island,
          uniq_erolcha
D:10:     serial_shops, shop
Temple:   dshaligram_water_room_temple

Skill      XL: |  1  2  3  4  5  6  7  8  9 10 |
---------------+-------------------------------+-----
Spellcasting   | 2 |  2.0
Necromancy     | 5 6 7 9 10 | 10.8
Fighting       | 3 5 7 |  7.4
Axes           | 6 9 12 | 12.3
Dodging        | |  2.1
Stealth        | |  2.4

Action                   |  1- 3 |  4- 6 |  7- 9 | 10-12 || total
-------------------------+-------+-------+-------+-------++-------
Melee: Unarmed           |     1 |    16 |    28 |       ||    45
       Whip              |       |       |    98 |       ||    98
       Hand axe          |       |       |   166 |       ||   166
       War axe           |       |       |       |   121 ||   121
       Flail             |       |       |       |    25 ||    25
 Cast: Pain              |    32 |     3 |     2 |       ||    37
       Vampiric Draining |     2 |     8 |    64 |    54 ||   128
 Abil: Heal Wounds       |     2 |     2 |     1 |       ||     5
Evoke: Wand              |       |     2 |    11 |     8 ||    21
  Use: Scroll            |     3 |     1 |     7 |     7 ||    18
       Potion            |       |       |       |     1 ||     1
 Stab: Sleeping          |       |       |     4 |     4 ||     8
  Eat: Chunk             |       |     1 |    12 |    11 ||    24
       Ration            |       |       |     1 |       ||     1
Armor: Robe              |    17 |     5 |    94 |    80 ||   196
Dodge: Dodged            |    45 |    23 |   179 |   127 ||   374
Block: Other             |     2 |     6 |    20 |    16 ||    44
       Reflection        |       |     1 |       |       ||     1

Table legend:
 A = Spawn XP
 B = Non-spawn XP
 C = Spawn XP percentage of total XP
 D = Spawn monster count
 E = Non-spawn monster count
 F = Spawn count percentage of total count
 G = Total turns spent on level
                    A         B        C        D         E        F      G
               +---------+---------+-------+---------+---------+-------+---------
         Total |       0 |   10695 |   0.0 |       0 |     156 |   0.0 |  4713
               +---------+---------+-------+---------+---------+-------+---------
           D:1 |       0 |       7 |   0.0 |       0 |       4 |   0.0 |   184
           D:2 |       0 |       7 |   0.0 |       0 |       3 |   0.0 |    57
           D:4 |       0 |     387 |   0.0 |       0 |       9 |   0.0 |   457
           D:5 |       0 |    1281 |   0.0 |       0 |      21 |   0.0 |  1160
           D:6 |       0 |     865 |   0.0 |       0 |      16 |   0.0 |   495
           D:7 |       0 |    1397 |   0.0 |       0 |      36 |   0.0 |   615
           D:8 |       0 |    3696 |   0.0 |       0 |      42 |   0.0 |   890
           D:9 |       0 |    2604 |   0.0 |       0 |      21 |   0.0 |   489
          D:10 |       0 |     451 |   0.0 |       0 |       4 |   0.0 |   334
               +---------+---------+-------+---------+---------+-------+---------
